 Dungeon Crawl Stone Soup version 0.29.1-12-g30fa7ad0bf (webtiles) character file.

Game seed: 7590712859036952921

2242 sanboga the Basher (level 9, -8/72 HPs)
             Began as a Minotaur Monk on Dec 24, 2022.
             Was a Believer of Hepliaklqana.
             Mangled by an orc warrior
             ... wielding a +0 glaive
              (12 damage)
             ... in a bailey.
             The game lasted 00:07:07 (7800 turns).

sanboga the Basher (Minotaur Monk)                  Turns: 7800, Time: 00:07:07

Health: -8/72      AC: 15    Str: 21    XL:     9   Next: 14%
Magic:  8/8        EV:  7    Int:  7    God:    Hepliaklqana [**....]
Gold:   370        SH:  0    Dex: 12    Spells: 8/8 levels left

rFire   . . .      SeeInvis .   q - +1 flail
rCold   . . .      Faith    .   (no shield)
rNeg    . . .      Spirit   .   a - +0 plate armour
rPois   +          Reflect  .   (helmet restricted)
rElec   .          Harm     .   (no cloak)
rCorr   .          Rampage  .   (no gloves)
Will    .....                   v - +1 pair of boots
Stlth   ..........              (no amulet)
HPRegen 0.22/turn               f - ring of poison resistance
MPRegen 0.11/turn               (no ring)

@: no status effects
A: reduced essence, horns 2, retaliatory headbutt
a: Renounce Religion, Recall Ancestor, Ancestor Identity


You were in a bailey.
You worshipped Hepliaklqana.
Hepliaklqana was pleased with you.
You visited 1 branch of the dungeon, and saw 7 of its levels.
You also visited: Bailey.

You collected 370 gold pieces.

Inventory:

Hand Weapons
 q - a +1 flail (weapon)
Armour
 a - a +0 plate armour (worn)
 v - a +1 pair of boots (worn)
Jewellery
 f - a ring of poison resistance (left hand)
 t - a ring of ice
 z - a +6 ring of dexterity
Wands
 x - a wand of polymorph (9)
Scrolls
 e - 4 scrolls of teleportation
 p - a scroll of immolation
 w - a scroll of noise
Potions
 d - 4 potions of heal wounds {unknown}
 g - a potion of haste {unknown}
 i - 4 potions of curing {unknown}
 j - a potion of brilliance
 k - 4 potions of attraction {unknown}
 m - 3 potions of flight
 n - 2 potions of might {unknown}
 s - 3 potions of mutation
 A - a potion of degeneration {unknown}
 C - a potion of lignification {unknown}


   Skills:
 + Level 8.1 Fighting
 * Level 10.9 Maces & Flails
 + Level 7.1 Armour
 - Level 3.2 Dodging
 - Level 1.5 Stealth


You had 8 spell levels left.
You didn't know any spells.
Your spell library contained the following spells:

 Spells                   Type           Power      Damage    Failure   Level
 Foxfire                  Conj/Fire      0%         2x1d4     100%        1
 Conjure Flame            Conj/Fire      0%         6-21      100%        3
 Ignite Poison            Fire/Tmut/Pois 0%         N/A       100%        3
 Inner Flame              Hex/Fire       0%         N/A       100%        3
 Mephitic Cloud           Conj/Pois/Air  0%         N/A       100%        3
 Tukima's Dance           Hex            0%         N/A       100%        3
 Flame Wave               Conj/Fire      0%         2d4       100%        4
 Passage of Golubria      Tloc           0%         N/A       100%        4
 Summon Ice Beast         Ice/Summ       0%         N/A       100%        4
 Freezing Cloud           Conj/Ice/Air   0%         6-21      100%        5
 Summon Mana Viper        Hex/Summ       0%         N/A       100%        5
 Yara's Violent Unravell  Hex/Tmut       0%         3d3       100%        5
 Dispersal                Tloc           0%         N/A       100%        6
 Monstrous Menagerie      Summ           0%         N/A       100%        7
 Disjunction              Tloc           0%         N/A       100%        8


Dungeon Overview and Level Annotations

Branches:
Dungeon (7/15)             Temple (0/1) D:6          Bailey (1/1)

Altars:
Hepliaklqana
Nemelex Xobeh
Uskayaw
Wu Jian


Innate Abilities, Weirdness & Mutations

Your life essence is reduced to manifest your ancestor. (-10% HP)
You have a pair of horns on your head.
You reflexively headbutt those who attack you in melee.


Message History

The orc hits Shug-Mahbug with a +0 spear.
Shug-Mahbug casts a spell at the orc.
The orc appears confused.
The orc hits you with a +0 spear. The orc hits you but does no damage.
The orc warrior closely misses you.
The orc warrior hits you with a +0 glaive!
* * * LOW HITPOINT WARNING * * *
The orc hits Shug-Mahbug with a +0 spear.
You hit the orc.
The orc is lightly wounded.
Shug-Mahbug barely misses the orc.
Shug-Mahbug hits the orc with a +0 dagger of draining!
The orc dies!
You sock the orc warrior! Your headbutt misses the orc warrior.
The orc warrior is severely wounded.
The orc hits Shug-Mahbug with a +0 spear.
The orc warrior completely misses you. You furiously retaliate!
You headbutt the orc warrior. The orc hits you but does no damage.
The orc hits you with a +0 halberd.
* * * LOW HITPOINT WARNING * * *
The orc warrior hits you but does no damage.
Shug-Mahbug hits the orc with a +0 dagger of draining.
Shug-Mahbug drains the orc.
The orc dies!
You barely miss the orc warrior.
The orc warrior is almost dead.
Shug-Mahbug gestures at the orc warrior while chanting.
The orc warrior resists with some effort.
The orc warrior hits you from afar with a +0 glaive!
* * * LOW HITPOINT WARNING * * *
The orc hits you with a +0 spear.
* * * LOW HITPOINT WARNING * * *
The orc warrior hits Shug-Mahbug from afar with a +0 glaive!
The orc hits you but does no damage.
You catch the helpless orc warrior completely off-guard!
You hit the orc warrior.
The orc warrior is almost dead.
Shug-Mahbug gestures at the orc warrior while chanting.
The orc warrior appears confused.
The orc warrior hits you from afar with a +0 glaive!
You die...

##.....≈≈≈≈...#.....
...♣♣..≈≈≈≈...##...
....♣..≈≈≈≈....#..#
......######...#.8#
...........[...#))#
...............'R.#
...............').#
...............#)o#
......######...#@8#
.......≈≈≈≈....#oo#
....♣..≈≈≈≈.♣.##o...
##.....≈≈≈≈...#.......
##.♣..≈≈≈≈♣..#$.######
#...≈≈≈≈≈♣..####
#♣.≈≈≈≈≈♣♣ ♣♣≈≈≈≈≈♣
#######


You could see the friendly Shug-Mahbug the hexer, 2 orc warriors and 2 orcs.

Vanquished Creatures
  Maggie (D:7)
  Sigmund (D:3)
  A steam dragon (D:6)
  A water moccasin (D:5)
  A black bear (D:6)
  The ghost of Smersh616 the Sneak, an amateur OpDe (D:3)
  3 phantoms
  A bullfrog (D:6)
  3 scorpions
  5 killer bees (D:7)
  A howler monkey (D:4)
  3 hounds (D:5)
  2 jellies
  4 iguanas
  An orc wizard (D:3)
  Natasha (thrice) (D:3)
  5 gnolls
  3 adders
  A white imp (D:5)
  An ufetubus (D:5)
  6 worms
  4 dart slugs
  15 orcs
  3 bats
  9 endoplasms
  5 giant cockroaches
  2 hobgoblins
  2 jackals (D:4)
  3 quokkas
  2 ball pythons
  3 frilled lizards
  3 goblins (D:3)
  4 kobolds
  5 rats
  A spectral hobgoblin (D:5)
109 creatures vanquished.

Vanquished Creatures (collateral kills)
  An orc warrior (Bailey)
  A necrophage (D:7)
  4 orcs (Bailey)
6 creatures vanquished.

Grand Total: 115 creatures vanquished

Notes
Turn   | Place    | Note
-------+----------+-------------------------------------------
     0 | D:1      | sanboga the Minotaur Monk began the quest for the Orb.
     0 | D:1      | Reached XP level 1. HP: 19/19 MP: 0/0
   405 | D:1      | Reached skill level 4 in Maces & Flails
   628 | D:1      | Reached XP level 2. HP: 27/27 MP: 1/1
   721 | D:1      | Reached skill level 1 in Armour
   733 | D:1      | Found a faded altar of an unknown god.
  1989 | D:2      | Reached XP level 3. HP: 33/33 MP: 2/2
  2717 | D:3      | Reached XP level 4. HP: 11/40 MP: 3/3
  2961 | D:3      | Noticed Natasha
  2969 | D:3      | Killed Natasha
  2970 | D:3      | Reached skill level 5 in Maces & Flails
  3068 | D:3      | Found a runed translucent gate.
  3071 | D:3      | Found a runed translucent gate.
  3071 | D:3      | Found a runed translucent gate.
  3073 | D:3      | Noticed Smersh616's ghost (amateur OpDe)
  3169 | D:3      | Noticed Sigmund
  3174 | D:3      | Killed Sigmund
  3175 | D:3      | Reached skill level 5 in Fighting
  3175 | D:3      | Reached skill level 6 in Maces & Flails
  3175 | D:3      | Reached XP level 5. HP: 26/48 MP: 4/4
  3495 | D:3      | Reached XP level 6. HP: 47/56 MP: 5/5
  3757 | D:3      | Noticed Natasha
  3764 | D:3      | Killed Natasha
  3903 | D:3      | Found a sparkling altar of Nemelex Xobeh.
  3903 | D:3      | Found a hide-covered altar of Uskayaw.
  4002 | D:3      | Killed Smersh616's ghost
  4033 | D:3      | Noticed Natasha
  4052 | D:3      | Killed Natasha
  4404 | D:4      | Reached skill level 7 in Maces & Flails
  4750 | D:4      | Reached XP level 7. HP: 43/62 MP: 6/6
  4848 | D:4      | Identified the +0 leather armour of Viket {rPois rF+ Will+
                  | Dex+5}
  5122 | D:5      | Entered Level 5 of the Dungeon
  5461 | D:5      | Reached skill level 8 in Maces & Flails
  5638 | D:5      | Reached skill level 5 in Armour
  5938 | D:5      | Reached XP level 8. HP: 71/71 MP: 7/7
  6055 | D:5      | Reached skill level 9 in Maces & Flails
  6120 | D:5      | Found a hazy altar of Hepliaklqana.
  6283 | D:5      | Became a worshipper of Hepliaklqana the Forgotten
  6283 | D:5      | Reached * piety under Hepliaklqana
  6283 | D:5      | Reached ** piety under Hepliaklqana
  6284 | D:5      | Remembered your ancestor Shug-Mahbug as a hexer
  6398 | D:6      | Found an ornate altar of the Wu Jian Council.
  6680 | D:6      | Found a staircase to the Ecumenical Temple.
  7414 | D:7      | Reached skill level 10 in Maces & Flails
  7526 | D:7      | Noticed Maggie
  7527 | D:7      | Found a flagged portal.
  7539 | D:7      | Killed Maggie
  7540 | D:7      | Reached XP level 9. HP: 46/72 MP: 8/8
  7546 | Bailey   | Entered a bailey
  7800 | Bailey   | Mangled by an orc warrior

Illustrated notes

Levels and vault maps discovered:
D:1:      lightli_arrival_lavapool, layout_basic,
          shapermc_ecumenical_altar_flowoftime
D:2:      layout_basic, minmay_misc_feat_diagonals
D:3:      layout_basic, gammafunk_temple_overflow_wave, gammafunk_ghost_split,
          chequers_serial_rivers_room_b, uniq_natasha, uniq_sigmund
D:4:      layout_rooms, nrook_loot_triangle
D:5:      layout_loops_ring, nicolae_hepliaklqana_monster_ancestors,
          hangedman_minor_gate_pass
D:6:      layout_cave_pods, nicolae_wu_jian_wuxing_cycle, temple_fountains,
          solitary_fountain, minmay_misc_feat_nine_boxes
D:7:      layout_loops_ring, enter_bailey_2, chequers_serial_rivers_large_a,
          minivault_26, uniq_maggie, uniq_duvessa, uniq_prince_ribbit1
Bailey:   bailey_polearm_elven_captive_hellmonk, bailey

Skill      XL: |  1  2  3  4  5  6  7  8 |
---------------+-------------------------+-----
Maces & Flails | 4 6 7 8 10 | 10.9
Armour         | 1 2 3 4 5 7 |  7.1
Fighting       | 4 5 6 8 |  8.1
Dodging        | |  3.2
Stealth        | |  1.5

Action                   |  1- 3 |  4- 6 |  7- 9 || total
-------------------------+-------+-------+-------++-------
Melee: Mace              |    86 |       |       ||    86
       Headbutt          |    18 |    16 |    28 ||    62
       Punch             |     1 |     1 |     4 ||     6
       Flail             |       |    89 |   168 ||   257
Invok: Recall Ancestor   |       |       |     1 ||     1
       Ancestor Life: He |       |       |     1 ||     1
       Ancestor Identity |       |       |     1 ||     1
  Use: Scroll            |       |       |    13 ||    13
       Potion            |       |       |     2 ||     2
 Stab: Sleeping          |     5 |     3 |     1 ||     9
       Confused          |       |       |     1 ||     1
       Distracted        |       |       |     1 ||     1
Armor: Robe              |    16 |     5 |     1 ||    22
       Chain mail        |       |       |    86 ||    86
       Plate armour      |       |       |    14 ||    14
Dodge: Dodged            |    56 |    54 |    68 ||   178
